 Dungeon Crawl Stone Soup version 0.23.2-1-ga50397a (webtiles) character file.

Game seed: 9078161412428997564

100 xveg the Slinger (level 5, -4/34 HPs)
             Began as a Halfling Hunter on May 9, 2019.
             Was a Follower of Uskayaw.
             Slain by Grinder (5 damage)
             ... while paralysed by Grinder
             ... on level 3 of the Dungeon.
             The game lasted 00:03:00 (1891 turns).

xveg the Slinger (Halfling Hunter)                  Turns: 1891, Time: 00:03:01

Health: -4/34      AC:  8    Str: 14    XL:     5   Next: 3%
Magic:  5/5        EV:  3    Int:  9    God:    Uskayaw [*.....]
Gold:   125        SH:  0    Dex: 15    Spells: 4/4 levels left

rFire    . . .     SeeInvis .   a - +1 hunting sling
rCold    . . .     Gourm    .   (shield restricted)
rNeg     . . .     Faith    .   m - +0 ring mail
rPois    .         Spirit   .   (no helmet)
rElec    .         Reflect  .   n - +2 cloak
rCorr    .         Harm     .   (no gloves)
MR       .....                  (no boots)
Stlth    +.........             (no amulet)
HPRegen  0.11/turn              (no ring)
MPRegen  0.09/turn              (no ring)

@: paralysed
A: small, mutation resistance 1
a: Stomp, Renounce Religion


You were on level 3 of the Dungeon.
You worshipped Uskayaw.
Uskayaw was noncommittal.
You were not hungry.

You visited 1 branch of the dungeon, and saw 3 of its levels.

You collected 125 gold pieces.

Inventory:

Hand Weapons
 a - a +1 hunting sling (weapon)
 b - a +0 short sword
Missiles
 e - 87 stones (quivered)
Armour
 c - a +0 leather armour
 m - a +0 ring mail (worn)
 n - a +2 cloak (worn)
Scrolls
 j - 4 scrolls of remove curse {unknown}
 l - 3 scrolls of identify {unknown}
Potions
 g - a potion of ambrosia {unknown}
 h - a potion of haste {unknown}
 i - 2 potions of curing {unknown}
 k - a potion of brilliance {unknown}
Comestibles
 f - 3 rations


   Skills:
 + Level 2.2 Fighting
 + Level 8.1 Slings
 + Level 0.5 Armour
 + Level 2.3 Dodging
 + Level 1.2 Stealth


You had 4 spell levels left.
You didn't know any spells.
Your spell library was empty.

Dungeon Overview and Level Annotations

Branches:
Dungeon (3/15)

Altars:
Dithmenos
Kikubaaqudgha
Makhleb
Qazlal
Uskayaw
Wu Jian

Annotations:
D:3 Grinder


Innate Abilities, Weirdness & Mutations

You are small and have problems with some larger weapons.
You are somewhat resistant to further mutation.


Message History

Aim: a kobold, wearing a +0 chain mail You shoot a stone.
The stone hits the kobold!
You kill the kobold!
Firing (i - inventory)
e - 89 stones (quivered)
Press: ? - help, Shift-Dir - straight line, f - Grinder
Aim: Grinder (lightly wounded)
You shoot a stone. The stone completely misses Grinder.
Firing (i - inventory)
e - 88 stones (quivered)
Press: ? - help, Shift-Dir - straight line, f/p - Grinder
Aim: Grinder (lightly wounded)
You shoot a stone. The stone hits Grinder.
Grinder is lightly wounded.
Grinder gestures at you.
You suddenly lose the ability to move!
Grinder hits you!
You writhe in agony.
* * * LOW HITPOINT WARNING * * *
Grinder hits you.
* * * LOW HITPOINT WARNING * * *
Grinder hits you.
You die...

#. .#( #.
.#. #(.
(. ..>..
#.#) (.(
#5#####
#.@...#
#####.###
#...#
###.# ###
#.# #<#
#.###.#
#.....#
#######


You could see Grinder.

Vanquished Creatures
  Crazy Yiuf (D:2)
  An adder (D:3)
  An ooze (D:2)
  2 worms (D:2)
  2 dart slugs
  An orc (D:2)
  2 ball pythons
  3 bats
  A giant cockroach (D:1)
  2 goblins
  6 hobgoblins
  4 jackals
  6 kobolds
  4 quokkas (D:2)
  4 frilled lizards
  8 rats
48 creatures vanquished.

Notes
Turn   | Place    | Note
-------+----------+-------------------------------------------
     0 | D:1      | xveg the Halfling Hunter began the quest for the Orb.
     0 | D:1      | Reached XP level 1. HP: 14/14 MP: 1/1
    42 | D:1      | Reached skill level 6 in Slings
   104 | D:1      | Reached XP level 2. HP: 19/19 MP: 2/2
   436 | D:1      | Reached XP level 3. HP: 24/24 MP: 3/3
   886 | D:2      | Reached skill level 7 in Slings
  1002 | D:2      | Found a stormy altar of Qazlal.
  1047 | D:2      | Noticed a +0 dagger
  1048 | D:2      | Noticed a +0 hand axe
  1049 | D:2      | Found a hide-covered altar of Uskayaw.
  1089 | D:2      | Became a worshipper of Uskayaw the Reveler
  1094 | D:2      | Reached * piety under Uskayaw
  1148 | D:2      | Found an ornate altar of the Wu Jian Council.
  1148 | D:2      | Found a burning altar of Makhleb.
  1149 | D:2      | Found an ancient bone altar of Kikubaaqudgha.
  1195 | D:2      | Reached XP level 4. HP: 29/29 MP: 4/4
  1207 | D:2      | Found a shadowy altar of Dithmenos.
  1227 | D:2      | Reached ** piety under Uskayaw
  1317 | D:2      | Found a runed translucent door.
  1318 | D:2      | Noticed Crazy Yiuf
  1502 | D:2      | Paralysed by Crazy Yiuf for 2 turns
  1509 | D:2      | Killed Crazy Yiuf
  1862 | D:3      | Noticed Grinder
  1868 | D:3      | Reached skill level 8 in Slings
  1870 | D:3      | Reached XP level 5. HP: 34/34 MP: 5/5
  1872 | D:3      | Paralysed by Grinder for 2 turns
  1888 | D:3      | Paralysed by Grinder for 5 turns
  1890 | D:3      | HP: 1/34 [Grinder (4)]
  1891 | D:3      | Slain by Grinder

Skill      XL: |  1  2  3  4 |
---------------+-------------+-----
Slings         | 6 7 8 |  8.1
Fighting       | 2 |  2.2
Armour         | |  0.5
Dodging        | |  2.3
Stealth        | |  1.2

Action                   |  1- 3 |  4- 6 || total
-------------------------+-------+-------++-------
 Fire: Hunting sling     |    72 |    42 ||   114
  Eat: Chunk             |       |     2 ||     2
       Ration            |       |     1 ||     1
Armor: Ring mail         |     1 |     4 ||     5
Dodge: Dodged            |     3 |     7 ||    10
